 Dungeon Crawl Stone Soup version 0.18-a0-824-g47fe746 (webtiles) character file.

1108 cluie the Chiller (level 8, -7/60 HPs)
             Began as a Demonspawn Ice Elementalist on Dec 17, 2015.
             Was an Initiate of Gozag.
             Mangled by a gnoll
             ... wielding a +0 halberd
              (12 damage)
             ... on level 5 of the Dungeon.
             The game lasted 00:07:19 (5429 turns).

cluie the Chiller (Demonspawn Ice Elementalist)     Turns: 5429, Time: 00:07:19

Health: -7/60      AC:  6    Str:  8    XL:     8   Next: 11%
Magic:  14/14      EV: 14    Int: 19    God:    Gozag
Gold:   539        SH:  0    Dex: 14    Spells: 4 memorised, 3 levels left

rFire  + . .     SeeInvis .     p - +0 quarterstaff
rCold  . . .     Gourm    .     l - +1 robe {rF+}
rNeg   . . .     Faith    .     (shield currently unavailable)
rPois  .         Spirit   .     (helmet restricted)
rElec  .         Dismiss  +     a - +2 cloak
rCorr  .         Reflect  .     (no gloves)
SustAt .         Harm     .     (no boots)
MR     .....                    n - amulet of dismissal (curse)
Stlth  ++........               (no ring)
                                (no ring)

@: not resistant to hostile enchantments, unstealthy
A: horns 2, spiny 1, sturdy frame 1
a: Potion Petition, Call Merchant, Bribe Branch, Renounce Religion


You were on level 5 of the Dungeon.
You worshipped Gozag.
Gozag was noncommittal.
You were hungry.

You visited 1 branch of the dungeon, and saw 5 of its levels.

You collected 646 gold pieces.
You paid 107 gold pieces to Gozag.

Inventory:

Hand Weapons
 p - a +0 quarterstaff (weapon)
Missiles
 o - 4 throwing nets (quivered)
Armour
 a - a +2 cloak (worn)
 l - a +1 robe of fire resistance (worn)
Magical Staves
 j - an uncursed staff of air
Jewellery
 h - an uncursed amulet of resist corrosion
 n - a cursed amulet of dismissal (around neck)
Wands
 u - a wand of paralysis (6)
Scrolls
 d - 3 scrolls of identify
 k - 2 scrolls of remove curse
 m - a scroll of teleportation
 q - a scroll of blinking
Potions
 e - a potion of invisibility
 f - a potion of agility
 g - a potion of heal wounds
 i - 4 potions of curing
 r - a potion of flight {unknown}
Books
 b - a book of Frost

   Spells                             Type                      Level
   a - Freeze                         Ice                          1
   b - Throw Frost                    Conjuration/Ice              2
   c - Ozocubu's Armour               Charms/Ice                   3
   d - Throw Icicle                   Conjuration/Ice              4
   e - Summon Ice Beast               Ice/Summoning                4
   f - Condensation Shield            Ice                          4
 s - a book of Burglary

   Spells                             Type                      Level
   a - Swiftness                      Charms/Air                   2
   b - Passwall                       Transmutation/Earth          3
   c - Passage of Golubria            Translocation                4
   d - Lee's Rapid Deconstruction     Earth                        5
   e - Darkness                       Hexes                        6
   f - Invisibility                   Hexes                        6
Comestibles
 c - 6 bread rations
 t - a meat ration


   Skills:
 + Level 3.8 Fighting
 + Level 4.4 Dodging
 - Level 1.7 Stealth
 + Level 4.4 Spellcasting
 - Level 1.0 Conjurations
 + Level 1.7 Summonings
 + Level 5.7 Ice Magic


You had 3 spell levels left.
You knew the following spells:

 Your Spells              Type           Power        Failure   Level  Hunger
a - Freeze                Ice            ####         1%          1    None
b - Ozocubu's Armour      Chrm/Ice       ###.....     14%         3    ###....
c - Summon Ice Beast      Ice/Summ       ###.....     34%         4    ####...
d - Throw Icicle          Conj/Ice       ###.....     38%         4    ####...


Dungeon Overview and Level Annotations

Branches:
Dungeon (5/15)             Temple (0/1) D:5

Altars:
Ashenzari
Dithmenos
Fedhas
Gozag
Makhleb
Vehumet
Xom
Zin


Innate Abilities, Weirdness & Mutations

You have a pair of horns on your head.
You are partially covered in sharp spines.
Your movements are slightly less encumbered by armour (ER -2).


Message History

3 gnolls come into view.
The gnoll shouts! x3
The gnoll hits you from afar with a halberd!
The gnoll hits you with a spear!
* * * LOW HITPOINT WARNING * * *
The gnoll closely misses you.
There is an open door here.
There are monsters nearby!
You are too injured to fight recklessly!
You are too injured to fight recklessly!
You are too injured to fight recklessly!
There are monsters nearby!
Search for what [Enter for "."]? ego Unknown command.
The gnoll hits you from afar with a spear!
* * * LOW HITPOINT WARNING * * *
The gnoll hits you from afar with a halberd!
You die...
Your body crumbles into a pile of gold.

#### ####....>. ...
........... ≈≈≈
≈≈≈≈≈≈≈≈.). ≈≈
≈≈≈≈≈≈≈≈... #####
≈≈≈≈≈≈≈≈... #...#
...........
#.gg#############'')
#'#...#....)..#..)
#@..#)#....)..#...
#.#...#.......+...
#)#####'##########
#..)..#.......#...
#.....#.........≈≈
#.##''#.........≈≈
#.#...........#...
#.#....########...
#+#....# #...##


You could see 2 gnolls.

Vanquished Creatures
  A phantom (D:5)
  A big kobold (D:4)
  A gnoll sergeant (D:5)
  A scorpion (D:5)
  A hound (D:4)
  A gnoll shaman (D:5)
  2 giant frog skeletons
  Jessica (D:3)
  An orc wizard (D:3)
  Terence (D:2)
  3 worker ants
  An iguana (D:4)
  A worker ant zombie (D:5)
  7 adders
  35 gnolls
  An ooze (D:3)
  4 worms
  4 giant geckos
  12 orcs
  7 giant cockroaches
  8 hobgoblins
  13 kobolds
  4 quokkas
  9 bats
  A giant cockroach zombie (D:5)
  6 giant newts
  10 goblins
  6 jackals
  7 rats
150 creatures vanquished.

Notes
Turn   | Place    | Note
--------------------------------------------------------------
     0 | D:1      | cluie the Demonspawn Ice Elementalist began the quest for the Orb.
     0 | D:1      | Reached XP level 1. HP: 13/13 MP: 3/3
   622 | D:1      | Gained mutation: You are partially covered in sharp spines. [demonic ancestry]
   622 | D:1      | Reached XP level 2. HP: 10/19 MP: 1/5
  1091 | D:1      | Reached skill level 3 in Ice Magic
  1226 | D:2      | Reached XP level 3. HP: 3/25 MP: 0/6
  1630 | D:2      | Reached skill level 1 in Fighting
  1988 | D:2      | Learned a level 3 spell: Ozocubu's Armour
  2003 | D:2      | Reached XP level 4. HP: 32/32 MP: 6/8
  2106 | D:2      | Found a burning altar of Makhleb.
  2107 | D:2      | Found a radiant altar of Vehumet.
  2226 | D:2      | Noticed Terence
  2235 | D:2      | Killed Terence
  2583 | D:3      | Found a shattered altar of Ashenzari.
  2812 | D:3      | Gained mutation: You have a pair of small horns on your head. [demonic ancestry]
  2812 | D:3      | Reached XP level 5. HP: 37/37 MP: 9/9
  2957 | D:3      | Noticed Jessica
  2960 | D:3      | Killed Jessica
  3293 | D:3      | Reached skill level 4 in Ice Magic
  3769 | D:4      | Reached XP level 6. HP: 44/44 MP: 7/10
  4233 | D:4      | Found a shadowy altar of Dithmenos.
  4491 | D:5      | Entered Level 5 of the Dungeon
  4518 | D:5      | Reached skill level 5 in Ice Magic
  4524 | D:5      | Gained mutation: You have a pair of horns on your head. [demonic ancestry]
  4524 | D:5      | Reached XP level 7. HP: 37/51 MP: 12/12
  4565 | D:5      | Found an opulent altar of Gozag.
  4567 | D:5      | Found a blossoming altar of Fedhas.
  4572 | D:5      | Became a worshipper of Gozag Ym Sagoz the Greedy
  4577 | D:5      | Found a shimmering altar of Xom.
  4609 | D:5      | Found a staircase to the Ecumenical Temple.
  4626 | D:5      | Found a glowing silver altar of Zin.
  4890 | D:5      | Learned a level 4 spell: Summon Ice Beast
  4946 | D:5      | Reached skill level 1 in Summonings
  4949 | D:5      | HP: 2/52 [gnoll/spear (7)]
  5274 | D:5      | Learned a level 4 spell: Throw Icicle
  5297 | D:5      | Gained mutation: Your movements are slightly less encumbered by armour (ER -2). [demonic ancestry]
  5297 | D:5      | Reached XP level 8. HP: 35/59 MP: 12/14
  5303 | D:5      | ooh sturdy
  5303 | D:5      | shame im an IE
  5429 | D:5      | Mangled by a gnoll

Vault maps used:
D:1:      ncdulo_lavacross
D:2:      forest_paths, gammafunk_temple_overflow_statue, st_stairs_8,
          uniq_terence
D:3:      evilmike_ruin_ashenzari, first_bread, minmay_goblin_kobold_house,
          uniq_jessica
D:4:      lemuel_round_altar
D:5:      lemuel_castle_with_subvaults, lemuel_crystal_altar, minitemple,
          minmay_temple_entry_hall

Action                   |  1- 3 |  4- 6 |  7- 9 || total
-------------------------+-------+-------+-------++-------
Melee: Unarmed           |    84 |   103 |       ||   187
       Quarterstaff      |       |    44 |    98 ||   142
 Cast: Freeze            |    11 |     5 |     6 ||    22
       Ozocubu's Armour  |       |     3 |     4 ||     7
  Use: Scroll            |     7 |     4 |     1 ||    12
 Stab: Sleeping          |     3 |     6 |     2 ||    11
       Distracted        |       |     1 |     2 ||     3
  Eat: Chunk             |     3 |     7 |       ||    10
       Meat ration       |       |       |     1 ||     1
